 Dungeon Crawl Stone Soup version 0.22.0-38-g04b72b8 (webtiles) character file.

159 Loudmushroom the Shield-Bearer (level 5, 0/33 HPs)
             Began as a Gargoyle Fighter on Aug 25, 2018.
             Was an Initiate of Okawaru.
             Slain by an orc
             ... wielding a +0 morningstar
              (3 damage)
             ... on level 4 of the Dungeon.
             The game lasted 00:09:24 (2111 turns).

Loudmushroom the Shield-Bearer (Gargoyle Fighter)   Turns: 2111, Time: 00:09:25

Health: 0/33       AC: 18    Str: 20    XL:     5   Next: 40%
Magic:  5/5        EV:  3    Int:  8    God:    Okawaru [......]
Gold:   144        SH:  9    Dex: 10    Spells: 4/4 levels left

rFire    . . .     SeeInvis .   a - +0 war axe
rCold    . . .     Gourm    .   c - +0 shield
rNeg     + . .     Faith    .   D - +0 plate armour
rPois    ∞         Spirit   .   (no helmet)
rElec    +         Reflect  .   (no cloak)
rCorr    .         Harm     .   s - +0 pair of gloves
MR       .....                  h - +0 pair of boots
Stlth    ..........             k - amulet of regeneration
HPRegen  0.51/turn              (no ring)
MPRegen  0.09/turn              (no ring)

@: no status effects
A: negative energy resistance 1, electricity resistance, unbreathing,
petrification resistance, rot immunity, AC +4
a: Renounce Religion


You were on level 4 of the Dungeon.
You worshipped Okawaru.
Okawaru was noncommittal.
You were not hungry.

You visited 1 branch of the dungeon, and saw 4 of its levels.

You collected 144 gold pieces.

Inventory:

Hand Weapons
 a - a +0 war axe (weapon)
 b - a +0 blowgun
Missiles
 m - 102 stones (quivered)
 n - 23 bolts
 y - 17 poisoned needles
Armour
 c - a +0 shield (worn)
 h - a +0 pair of boots (worn)
 s - a +0 pair of gloves (worn)
 D - a +0 plate armour (worn)
Jewellery
 k - an amulet of regeneration (around neck)
 q - an uncursed ring of stealth {unknown}
 u - an uncursed ring of protection from magic {unknown}
 B - an uncursed ring of stealth {unknown}
Scrolls
 e - a scroll of immolation {unknown}
 g - 5 scrolls of remove curse {unknown}
 i - 2 scrolls of fog {unknown}
 o - a scroll of magic mapping {unknown}
 p - a scroll of amnesia {unknown}
 r - 5 scrolls of identify {unknown}
 t - a scroll of random uselessness {unknown}
 v - a scroll of enchant armour {unknown}
 A - a scroll of blinking {unknown}
Potions
 d - a potion of might
 j - a potion of curing {unknown}
 l - 3 potions of heal wounds {unknown}
 w - 2 potions of agility {unknown}
 C - 2 potions of flight {unknown}
Comestibles
 f - 7 rations


   Skills:
 + Level 4.1 Fighting
 * Level 3.4 Axes
 + Level 4.1 Armour
 + Level 4.1 Shields


You had 4 spell levels left.
You didn't know any spells.
Your spell library was empty.

Dungeon Overview and Level Annotations

Branches:
Dungeon (4/15)
 Temple: D:4-7

Altars:
Ashenzari
Okawaru
Vehumet
Wu Jian
The Shining One


Innate Abilities, Weirdness & Mutations

You are resistant to torment.
Your stone body is resilient. (AC +4)
You are immune to poison.
You resist negative energy. (rN+)
You are resistant to electric shocks. (rElec)
You can survive without breathing.
You are immune to petrification.
You are immune to rotting.


Message History

* * * LOW HITPOINT WARNING * * *
You block the orc priest's attack. The orc hits you but does no damage.
You block the hound's attack.
The orc priest hits you but does no damage. x2
You slash the orc priest!
You kill the orc priest!
Okawaru accepts your kill.
Your plate armour prevents you from hitting the orc.
Your plate armour prevents you from hitting the orc priest.
You barely miss the hound. The hound bites you but does no damage.
You block the orc's attack.
The orc priest calls upon Beogh to heal the orc.
The orc's wounds heal themselves!
The hound bites you but does no damage. The hound bites you.
* * * LOW HITPOINT WARNING * * *
You block the orc's attack. You block the orc priest's attack.
You see here a dagger.
You block the hound's attack. The hound bites you but does no damage.
The orc hits you with a morningstar.
You die...

#........
#.......
#......#
#......#
#......+
#......#
#......#
#..@...#
#.ooh..#
#.)....+
#......#
#....<.#
#......#
+........
#.$........
..######..###


You could see a hound, an orc priest and an orc.

Vanquished Creatures
  A quasit (D:3)
  An orc priest (D:4)
  An orc wizard (D:4)
  3 adders
  A worm (D:2)
  2 dart slugs
  A leopard gecko (D:3)
  An orc (D:4)
  A ball python (D:1)
  7 bats
  2 giant cockroaches
  5 goblins
  4 hobgoblins
  A quokka (D:2)
  4 kobolds
  6 rats
41 creatures vanquished.

Notes
Turn   | Place    | Note
-------+----------+-------------------------------------------
     0 | D:1      | Loudmushroom the Gargoyle Fighter began the quest for the Orb.
     0 | D:1      | Reached XP level 1. HP: 14/14 MP: 1/1
   201 | D:1      | Reached XP level 2. HP: 18/19 MP: 2/2
   613 | D:2      | Reached XP level 3. HP: 23/23 MP: 3/3
   823 | D:2      | Found an iron altar of Okawaru.
   834 | D:2      | Became a worshipper of Warmaster Okawaru
  1018 | D:2      | Found an ornate altar of the Wu Jian Council.
  1018 | D:2      | Found a radiant altar of Vehumet.
  1064 | D:2      | Found a shattered altar of Ashenzari.
  1418 | D:3      | Reached XP level 4. HP: 25/29 MP: 4/4
  1472 | D:3      | Found a glowing golden altar of the Shining One.
  2105 | D:4      | Reached XP level 5. HP: 25/33 MP: 5/5
  2111 | D:4      | Slain by an orc

Skill      XL: |  1  2  3  4 |
---------------+-------------+-----
Axes           | 2 3 |  3.4
Fighting       | 4 |  4.1
Armour         | 4 |  4.1
Shields        | 4 |  4.1

Action                   |  1- 3 |  4- 6 || total
-------------------------+-------+-------++-------
Melee: War axe           |   134 |    36 ||   170
  Eat: Ration            |     1 |       ||     1
       Chunk             |       |     1 ||     1
Armor: Scale mail        |   129 |     7 ||   136
       Plate armour      |       |    35 ||    35
Dodge: Dodged            |    78 |     9 ||    87
Block: Shield            |   106 |    33 ||   139
